AoeStats
← marius.zwei91

Arabia

508905279Analyzed
1v1 RM · 9d ago on Sep 24, 2026· 27m 36s· 2 players
Game mode
Random Map
Map size
Tiny (2 player)
Population
200
Speed
Normal
Resources
Standard
Victory
Conquest
Starting age
Dark Age
Ending age
Imperial Age
RankedLock teamsTeams togetherTeam positionsShared explorationLock speedFull tech treeHidden civsTurbo modeCheats
Victory
Defeat
🇩🇪 Malians · Germany
768
+15
🇨🇳 Spanish · China
756
-15
小左呀
6:07 Loom
10:52 Feudal Age
14:53 Double-Bit Axe
14:53 Horse Collar
19:38 Castle Age
20:25 Wheelbarrow
marius.zwei91
7:45 Loom
10:57 Feudal Age
15:34 Castle Age
15:52 Crossbowman
16:28 Fletching
17:45 Padded Archer Armor
Connection lost

Rejoining the realm…

Still unreachable

The connection could not be restored.

Session expired

The server has moved on; the page needs a fresh start.